 Dungeon Crawl Stone Soup version 0.29-a0-284-gf9362112df (webtiles) character file.

Game seed: 11286695058704124558

1217 chopper the Shield-Bearer (level 8, -3/66 (67) HPs)
             Began as a Gnoll Fighter on Mar 28, 2022.
             Slain by a wight
             ... wielding a +0 morningstar
              (10 damage)
             ... on level 5 of the Dungeon.
             The game lasted 00:30:43 (4443 turns).

chopper the Shield-Bearer (Gnoll Fighter)           Turns: 4443, Time: 00:30:46

HP:   -3/66 (67)    AC: 11    Str: 15    XL:     8   Next: 46%
MP:   12/12         EV: 10    Int:  9    God:
Gold: 224           SH:  6    Dex: 13    Spells: 13/13 levels left

rFire   . . .      SeeInvis .   t - +10 dagger "Losapsu" {vamp, rElec}
rCold   . . .      Faith    .   c - +0 buckler
rNeg    . . .      Spirit   .   b - +0 scale mail
rPois   .          Reflect  .   r - +1 hat
rElec   +          Harm     .   g - +0 cloak
rCorr   .          Rampage  .   s - +0 pair of gloves
Will    .....                   (no boots)
Stlth   +.........              i - amulet of regeneration
HPRegen 1.01/turn               (no ring)
MPRegen 0.13/turn               (no ring)

@: brilliant, about to teleport, marked, flying, lightly drained
A: fangs 1, strong nose, distributed training
a: no special abilities


You were on level 5 of the Dungeon.
You visited 1 branch of the dungeon, and saw 6 of its levels.

You collected 224 gold pieces.

Inventory:

Hand Weapons
 a - a +0 war axe
 n - a +1 dagger of draining
 t - the +10 dagger "Losapsu" (weapon) {vamp, rElec}
   (You found it on level 3 of the Dungeon)

   It occasionally heals its wielder for a portion of the damage dealt when it
   wounds a living foe.
   rElec:     It insulates you from electricity.
Missiles
 e - 7 poisoned darts (quivered)
 j - 2 throwing nets
Armour
 b - a +0 scale mail (worn)
 c - a +0 buckler (worn)
 g - a +0 cloak (worn)
 r - a +1 hat (worn)
 s - a +0 pair of gloves (worn)
Jewellery
 i - an amulet of regeneration (around neck)
 l - a ring of protection from fire
Wands
 k - a wand of iceblast (9)
 u - a wand of paralysis (8)
Scrolls
 h - a scroll of teleportation
 m - a scroll of enchant weapon
 p - a scroll of brand weapon
 q - 2 scrolls of noise
 v - 2 scrolls of summoning {unknown}
 w - a scroll of immolation {unknown}
 x - a scroll of magic mapping {unknown}
Potions
 d - a potion of might
 f - a potion of flight
 o - a potion of brilliance
 z - a potion of curing {unknown}


   Skills:
 + Level 7.4 Fighting
 + Level 3.3 Short Blades
 + Level 3.3 Long Blades
 + Level 5.7 Axes
 + Level 3.3 Maces & Flails
 + Level 3.3 Polearms
 + Level 3.3 Staves
 + Level 3.3 Slings
 + Level 3.3 Bows
 + Level 3.3 Crossbows
 + Level 3.3 Throwing
 + Level 7.4 Armour
 + Level 3.3 Dodging
 + Level 3.3 Stealth
 + Level 7.4 Shields
 + Level 3.3 Unarmed Combat
 + Level 3.3 Spellcasting
 + Level 2.6 Conjurations
 + Level 2.6 Hexes
 + Level 2.6 Summonings
 + Level 2.6 Necromancy
 + Level 2.6 Translocations
 + Level 2.6 Transmutations
 + Level 2.6 Fire Magic
 + Level 2.6 Ice Magic
 + Level 2.6 Air Magic
 + Level 2.6 Earth Magic
 + Level 2.6 Poison Magic
 + Level 3.6 Invocations
 + Level 3.3 Evocations


You had 13 spell levels left.
You didn't know any spells.
Your spell library contained the following spells:

 Spells                   Type           Power      Damage    Failure   Level
 Animate Skeleton         Necr           18%        N/A       36%         1
 Apportation              Tloc           18%        N/A       36%         1
 Summon Small Mammal      Summ           36%        N/A       36%         1
 Scorch                   Fire           18%        2d5       52%         2
 Ignite Poison            Fire/Tmut/Pois 9%         N/A       75%         3
 Mephitic Cloud           Conj/Pois/Air  9%         N/A       75%         3
 Tukima's Dance           Hex            9%         N/A       75%         3
 Flame Wave               Conj/Fire      9%         2d5       98%         4
 Passage of Golubria      Tloc           9%         N/A       98%         4
 Freezing Cloud           Conj/Ice/Air   4%         6-21      100%        5
 Yara's Violent Unravell  Hex/Tmut       4%         3d4       100%        5
 Summon Cactus Giant      Summ           4%         N/A       100%        6


Dungeon Overview and Level Annotations

Branches:
Dungeon (6/15)
 Temple: D:4-7

Altars:
Xom
Yredelemnul

Shops:
D:5 (


Innate Abilities, Weirdness & Mutations

You have very sharp teeth.
Your uncanny sense of smell can sniff out nearby items.
Your experience applies equally to all skills.


Message History

You closely miss the wight.
The wight hits you with a +0 morningstar.
You feel drained.
The wight hits you with a +0 dire flail.
You feel drained. The wight hits you but does no damage.
The scorpion barely misses you.
You hit the wight.
The wight is heavily damaged.
The scorpion barely misses you. You block the wight's attack.
The wight hits you with a +0 morningstar.
You feel drained. The wight barely misses you.
You hit the wight but do no damage.
The wight is heavily damaged.
The scorpion closely misses you.
The wight hits you with a +0 dire flail!
The wight hits you with a +0 morningstar!
The wight hits you with a +3 dagger.
You puncture the wight!
You destroy the wight!
The scorpion stings you. The wight hits you with a +3 dagger.
The wight hits you with a +0 morningstar!
* * * LOW HITPOINT WARNING * * *
The scorpion stings you.
* * * LOW HITPOINT WARNING * * *
As you read the scroll of teleportation, it crumbles to dust.
You feel strangely unstable.
The wight hits you with a +0 morningstar!
* * * LOW HITPOINT WARNING * * *
The wight hits you but does no damage. The scorpion barely misses you.
It was a potion of flight.
You feel very buoyant.
You fly up into the air.
The wight closely misses you. The wight barely misses you.
The scorpion closely misses you.
It was a potion of brilliance.
You feel clever all of a sudden. The scorpion stings you.
* * * LOW HITPOINT WARNING * * *
The wight misses you.
The wight hits you with a +0 morningstar!
You die...

##### ###### ### ....# ##########
#....# #.. ....# #........#
#...># #.. ....# #........#
#....# #.. ....# #........#
#....# #..
....############'######....####..
######...#....#..#..............#
# #....#....#z)#..............# #
#....#....+s@#..............#
######...#....##z#..............#
.....#...#..................####.
.....#...#..................# #.
.....#...#..................# #.
.....#...#..................# #.
.....#...#.....##'###.......# ##
.....#...#.....'....#.......#####
.....###'#.....#....########....#


You could see a scorpion and 2 wights.

Vanquished Creatures
  Eustachio (D:4)
  Menkaure (D:5)
  A necrophage (D:4)
  2 water moccasin zombies (D:5)
  A wight (D:5)
  2 centaur zombies (D:5)
  4 bullfrog zombies (D:5)
  A hound (D:5)
  A bullfrog skeleton (D:5)
  An orc priest (D:5)
  A centaur skeleton (D:5)
  2 gnoll shamans (D:5)
  2 iguanas
  A scorpion zombie (D:5)
  An orc wizard (D:5)
  A killer bee zombie (D:5)
  A howler monkey zombie (D:5)
  10 gnolls (D:5)
  2 adders
  A shadow imp (D:4)
  A white imp (D:5)
  An adder zombie (D:5)
  2 worms
  2 dart slugs
  12 orcs
  9 ball pythons
  6 endoplasms
  3 giant cockroaches
  8 goblins
  6 hobgoblins
  7 jackals
  4 quokkas
  4 bats
  2 frilled lizards
  5 kobolds
  5 rats
114 creatures vanquished.

Vanquished Creatures (others)
  6 plants (D:2)
  4 withered plants (D:5)
10 creatures vanquished.

Grand Total: 124 creatures vanquished

Notes
Turn   | Place    | Note
-------+----------+-------------------------------------------
     0 | D:1      | chopper the Gnoll Fighter began the quest for the Orb.
     0 | D:1      | Reached XP level 1. HP: 23/23 MP: 1/1
   156 | D:1      | Reached XP level 2. HP: 27/29 MP: 2/2
   189 | D:1      | Found a faded altar of an unknown god.
   577 | D:1      | Reached XP level 3. HP: 35/35 MP: 3/3
  1099 | D:2      | Reached skill level 1 in Invocations
  1163 | D:2      | Found a shimmering altar of Xom.
  1598 | D:2      | Reached skill level 1 in Short Blades
  1598 | D:2      | Reached skill level 1 in Long Blades
  1598 | D:2      | Reached skill level 1 in Maces & Flails
  1598 | D:2      | Reached skill level 1 in Polearms
  1598 | D:2      | Reached skill level 1 in Staves
  1598 | D:2      | Reached skill level 1 in Slings
  1598 | D:2      | Reached skill level 1 in Bows
  1598 | D:2      | Reached skill level 1 in Crossbows
  1598 | D:2      | Reached skill level 1 in Throwing
  1598 | D:2      | Reached skill level 1 in Dodging
  1598 | D:2      | Reached skill level 1 in Stealth
  1598 | D:2      | Reached skill level 1 in Unarmed Combat
  1598 | D:2      | Reached skill level 1 in Spellcasting
  1598 | D:2      | Reached skill level 1 in Evocations
  1739 | D:3      | Reached XP level 4. HP: 39/39 MP: 5/5
  2001 | D:3      | Identified the +10 dagger "Losapsu" {vamp, rElec}
  2296 | D:3      | Reached skill level 1 in Conjurations
  2296 | D:3      | Reached skill level 1 in Hexes
  2296 | D:3      | Reached skill level 1 in Summonings
  2296 | D:3      | Reached skill level 1 in Necromancy
  2296 | D:3      | Reached skill level 1 in Translocations
  2296 | D:3      | Reached skill level 1 in Transmutations
  2296 | D:3      | Reached skill level 1 in Fire Magic
  2296 | D:3      | Reached skill level 1 in Ice Magic
  2296 | D:3      | Reached skill level 1 in Air Magic
  2296 | D:3      | Reached skill level 1 in Earth Magic
  2296 | D:3      | Reached skill level 1 in Poison Magic
  2515 | D:4      | Found a basalt altar of Yredelemnul.
  2531 | D:4      | Noticed a necrophage
  2558 | D:4      | Killed a necrophage
  2559 | D:4      | Reached XP level 5. HP: 47/47 MP: 5/7
  2565 | D:4      | Noticed Eustachio
  2603 | D:4      | Killed Eustachio
  2604 | D:4      | Reached skill level 5 in Axes
  2604 | D:4      | Reached XP level 6. HP: 49/53 MP: 8/8
  2696 | D:4      | You fall into a shaft and drop 1 floor!
  2696 | D:5      | Entered Level 5 of the Dungeon
  2773 | D:5      | Found Orphovire's Weapon Shop.
  2943 | D:5      | Reached XP level 7. HP: 33/59 MP: 10/10
  3086 | D:5      | Noticed Menkaure
  3426 | D:5      | Reached XP level 8. HP: 62/67 MP: 12/12
  3493 | D:5      | Killed Menkaure
  4443 | D:5      | Slain by a wight

Illustrated notes

Levels and vault maps discovered:
D:1:      amcnicky_arrival_wind_blow, layout_loops_ring,
          ebering_ecumenical_altar_rust
D:2:      layout_basic, basic_altar, serial_forest,
          infiniplex_forest_straight_1, infiniplex_forest_straight_1,
          infiniplex_forest_zigzag_1, infiniplex_forest_lined_2,
          infiniplex_forest_clump_large, infiniplex_forest_3_way,
          infiniplex_forest_3_way, minmay_pentomino_p4
D:3:      layout_loops_cross
D:4:      layout_rooms, mainiacjoe_overflow_catwalk, minmay_misc_feat_iff,
          kennysheep_generic_room_12, uniq_pikel, uniq_ijyb, uniq_eustachio
D:5:      layout_gridville, serial_undead, serial_undead_a, serial_undead_b,
          serial_undead_c, serial_undead_a, serial_undead_b, serial_shops, shop,
          uniq_menkaure
D:6:      layout_rooms, minmay_temple_entry_mini_moons

Skill      XL: |  1  2  3  4  5  6  7  8 |
---------------+-------------------------+-----
Invocations    | 1 2 3 |  3.6
Short Blades   | 1 2 3 |  3.3
Long Blades    | 1 2 3 |  3.3
Maces & Flails | 1 2 3 |  3.3
Polearms       | 1 2 3 |  3.3
Staves         | 1 2 3 |  3.3
Slings         | 1 2 3 |  3.3
Bows           | 1 2 3 |  3.3
Crossbows      | 1 2 3 |  3.3
Throwing       | 1 2 3 |  3.3
Dodging        | 1 2 3 |  3.3
Stealth        | 1 2 3 |  3.3
Unarmed Combat | 1 2 3 |  3.3
Spellcasting   | 1 2 3 |  3.3
Evocations     | 1 2 3 |  3.3
Conjurations   | 1 2 |  2.6
Hexes          | 1 2 |  2.6
Summonings     | 1 2 |  2.6
Necromancy     | 1 2 |  2.6
Translocations | 1 2 |  2.6
Transmutations | 1 2 |  2.6
Fire Magic     | 1 2 |  2.6
Ice Magic      | 1 2 |  2.6
Air Magic      | 1 2 |  2.6
Earth Magic    | 1 2 |  2.6
Poison Magic   | 1 2 |  2.6
Axes           | 5 |  5.7
Fighting       | 7 |  7.4
Armour         | 7 |  7.4
Shields        | 7 |  7.4

Action                   |  1- 3 |  4- 6 |  7- 9 || total
-------------------------+-------+-------+-------++-------
Melee: War axe           |   144 |    27 |       ||   171
       Bite              |    14 |    10 |    18 ||    42
       Dagger            |       |    92 |   151 ||   243
Throw: Dart              |       |     6 |     1 ||     7
  Use: Scroll            |       |     4 |     2 ||     6
       Potion            |       |       |     2 ||     2
Armor: Scale mail        |    75 |   103 |   131 ||   309
Dodge: Dodged            |    47 |    76 |   118 ||   241
Block: Buckler           |    43 |    58 |    80 ||   181

Table legend: (Time is in decaauts)
 A = Elapsed time spent in this place.
 B = Non-inter-level travel time spent in this place.
 C = Inter-level travel time spent in this place.
 D = Time resting spent in this place.
 E = Time spent auto-exploring this place.
 F = Levels seen in this place.
 G = Mean time per level.
                   A        B        C        D        E       F      G
               +--------+--------+--------+--------+--------+-----+--------+
         Total |   4477 |   4477 |      0 |    119 |      0 |   6 |  746.2 |
       Dungeon |   4477 |   4477 |      0 |    119 |      0 |   6 |  746.2 |
               +--------+--------+--------+--------+--------+-----+--------+

Top non-repeatable levels by time:
     D:5: 1728 daAuts
     D:1: 883 daAuts
     D:2: 857 daAuts
     D:3: 825 daAuts
     D:4: 179 daAuts
     D:6: 1 daAuts
